 Dungeon Crawl Stone Soup version 0.21.1-1-g345015fe64 (webtiles) character file.

33 Huzan the Carver (level 3, 0/28 HPs)
             Began as a Gnoll Wanderer on June 1, 2018.
             Slain by an adder (4 damage)
             ... on level 2 of the Dungeon.
             The game lasted 00:12:20 (989 turns).

Huzan the Carver (Gnoll Wanderer)                    Turns: 989, Time: 00:12:21

Health: 0/28       AC:  3    Str: 13    XL:     3   Next: 29%
Magic:  4/4        EV: 11    Int: 16    God:
Gold:   36         SH:  0    Dex: 14    Spells: 3/3 levels left

rFire    . . .     SeeInvis .   a - +2 falchion
rCold    . . .     Gourm    .   (no shield)
rNeg     . . .     Faith    .   d - +1 robe
rPois    .         Spirit   .   (no helmet)
rElec    .         Reflect  .   (no cloak)
rCorr    .         Harm     .   (no gloves)
MR       .....                  (no boots)
Stlth    ++........             (no amulet)
HPRegen  0.09/turn              (no ring)
MPRegen  0.09/turn              (no ring)

@: lethally poisoned (0 -> -14)
A: distributed training, fangs 1, strong nose
a: no special abilities


You were on level 2 of the Dungeon.
You were not hungry.

You visited 1 branch of the dungeon, and saw 2 of its levels.

You collected 36 gold pieces.

Inventory:

Hand Weapons
 a - a +2 falchion (weapon)
 h - a +0 club
 l - a +0 dagger
Missiles
 j - a tomahawk (quivered)
Armour
 d - a +1 robe (worn)
Wands
 c - a wand of random effects (15)
Scrolls
 b - 3 scrolls of teleportation
Potions
 e - a potion of magic {unknown}
 g - a potion of curing {unknown}
 i - 2 potions of mutation {unknown}
Comestibles
 f - 2 rations


   Skills:
 + Level 2.6 Fighting
 + Level 0.7 Short Blades
 + Level 8.5 Long Blades
 + Level 0.7 Axes
 + Level 0.7 Maces & Flails
 + Level 0.7 Polearms
 + Level 0.7 Staves
 + Level 0.7 Slings
 + Level 0.7 Bows
 + Level 0.7 Crossbows
 + Level 0.7 Throwing
 + Level 0.7 Armour
 + Level 0.7 Dodging
 + Level 0.7 Stealth
 + Level 2.6 Shields
 + Level 0.7 Unarmed Combat
 + Level 0.7 Spellcasting
 + Level 0.5 Conjurations
 + Level 0.5 Hexes
 + Level 0.5 Charms
 + Level 0.5 Summonings
 + Level 0.5 Necromancy
 + Level 0.5 Translocations
 + Level 2.1 Transmutations
 + Level 0.5 Fire Magic
 + Level 0.5 Ice Magic
 + Level 0.5 Air Magic
 + Level 3.7 Earth Magic
 + Level 0.5 Poison Magic
 + Level 0.9 Invocations
 + Level 2.6 Evocations


You had 3 spell levels left.
You didn't know any spells.

Dungeon Overview and Level Annotations

Branches:
Dungeon (2/15)

Altars:


Innate Abilities, Weirdness & Mutations

Your experience applies equally to all skills.
You have very sharp teeth.
Your uncanny sense of smell can sniff out nearby items.


Message History

You feel sick. The adder bites you.
* * * LOW HITPOINT WARNING * * *
You closely miss the adder.
The adder is heavily wounded.
The adder barely misses you.
You riposte.
You closely miss the adder.
The adder is heavily wounded.
You hit the adder.
The adder is almost dead.
* * * LOW HITPOINT WARNING * * *
You feel sick. The adder bites you.
* * * LOW HITPOINT WARNING * * *
You are more poisoned.
The adder poisons you! The adder barely misses you.
You riposte.
You barely miss the adder.
The adder is almost dead.
You barely miss the adder.
The adder is almost dead.
* * * LOW HITPOINT WARNING * * *
You feel sick. The adder bites you.
You die...

).....#####
##.#.#....<..#
......#.###.#
#.#.### # #.#
#....##. #.## #
#..#... #..#
.##.###.)..#
##.#
........#.######
#.#
...(...@.......#
#.#
###.###S######.#
#.# ...........#
#.# #.#
#######.##.# #.#
#.# #.# # #.#
#.# #.# #.###.#
#.# #.....# #.#
####..# #.#
....#


You could see an adder.

Vanquished Creatures
  An adder (D:2)
  An ooze (D:2)
  A goblin (D:1)
  2 hobgoblins (D:1)
  4 jackals (D:1)
  3 bats
  3 frilled lizards (D:1)
  2 kobolds (D:1)
  4 rats (D:1)
21 creatures vanquished.

Notes
Turn   | Place    | Note
-------+----------+-------------------------------------------
     0 | D:1      | Huzan the Gnoll Wanderer began the quest for the Orb.
     0 | D:1      | Huzan set off with: a +2 falchion, a scroll of teleportation, a wand of random effects (15), a +0 robe, a ration
     0 | D:1      | Reached XP level 1. HP: 17/17 MP: 2/2
   323 | D:1      | Reached XP level 2. HP: 20/23 MP: 3/3
   971 | D:2      | Reached XP level 3. HP: 27/28 MP: 4/4
   989 | D:2      | Slain by an adder

Skill      XL: |  1 |
---------------+----+-----
Transmutations | 2 |  2.1
Fighting       | |  2.6
Short Blades   | |  0.7
Long Blades    | |  8.5
Axes           | |  0.7
Maces & Flails | |  0.7
Polearms       | |  0.7
Staves         | |  0.7
Slings         | |  0.7
Bows           | |  0.7
Crossbows      | |  0.7
Throwing       | |  0.7
Armour         | |  0.7
Dodging        | |  0.7
Stealth        | |  0.7
Shields        | |  2.6
Unarmed Combat | |  0.7
Spellcasting   | |  0.7
Conjurations   | |  0.5
Hexes          | |  0.5
Charms         | |  0.5
Summonings     | |  0.5
Necromancy     | |  0.5
Translocations | |  0.5
Fire Magic     | |  0.5
Ice Magic      | |  0.5
Air Magic      | |  0.5
Earth Magic    | |  3.7
Poison Magic   | |  0.5
Invocations    | |  0.9
Evocations     | |  2.6

Action                   || total
-------------------------++-------
Melee: Falchion          ||    54
       Bite              ||     2
Throw: Tomahawk          ||     4
  Use: Scroll            ||     2
Armor: Robe              ||     8
Dodge: Dodged            ||    28
       Rpst.: Falchion   ||    11
